 Dungeon Crawl Stone Soup version 0.20-a0-672-gd6c3c51 (webtiles) character file.

2114 Murumi the Shield-Bearer (level 9, -1/68 HPs)
             Began as a Formicid Fighter on Feb 17, 2017.
             Was a Follower of Elyvilon.
             Killed from afar by a steam dragon (7 damage)
             ... with a ball of steam
             ... on level 6 of the Dungeon.
             The game lasted 00:26:41 (4894 turns).

Murumi the Shield-Bearer (Formicid Fighter)         Turns: 4894, Time: 00:26:42

Health: -1/68      AC: 15    Str: 23    XL:     9   Next: 53%
Magic:  12/13      EV:  8    Int:  9    God:    Elyvilon [*.....]
Gold:   367        SH: 11    Dex: 10    Spells: 8/8 levels left

rFire    . . .     SeeInvis +   d - +0 scimitar
rCold    . . .     Gourm    .   o - +0 chain mail
rNeg     . . .     Faith    .   c - +1 shield
rPois    .         Spirit   .   (helmet unavailable)
rElec    .         Reflect  .   (no cloak)
rCorr    .         Harm     .   r - +2 pair of gloves
MR       .....                  h - +1 pair of boots
Stlth    ..........             g - amulet of regeneration
Regen    0.7/turn               (no ring)
MPRegen  0.2/turn               (no ring)

@: no status effects
A: permanent stasis, dig shafts and tunnels, four strong arms, antennae 3
a: Dig, Shaft Self, Lesser Healing, Divine Protection, Renounce Religion


You were on level 6 of the Dungeon.
You worshipped Elyvilon.
Elyvilon was aware of your devotion.
You were not hungry.

You visited 2 branches of the dungeon, and saw 7 of its levels.

You collected 367 gold pieces.

Inventory:

Hand Weapons
 d - a +0 scimitar (weapon)
 s - a +0 hand crossbow
Missiles
 j - 61 bolts
Armour
 c - a +1 shield (worn)
 h - a +1 pair of boots (worn)
 o - a +0 chain mail (worn)
 r - a +2 pair of gloves (worn)
Jewellery
 g - an amulet of regeneration (around neck)
Wands
 v - a wand of lightning (7/15)
Scrolls
 e - 6 scrolls of remove curse
 u - a scroll of magic mapping
 x - a scroll of amnesia
Potions
 a - a potion of flight {unknown}
 b - a potion of ambrosia
 i - a potion of resistance
 k - 3 potions of lignification
 l - a potion of magic {unknown}
 n - a potion of cancellation {unknown}
 q - 3 potions of curing
Comestibles
 f - 5 bread rations
 m - 4 royal jellies
 p - 4 meat rations
 t - 2 fruits
 w - 14 chunks of flesh


   Skills:
 - Level 5.3 Fighting
 - Level 4.0 Long Blades
 - Level 6.0 Crossbows
 - Level 5.1 Armour
 - Level 4.2 Dodging
 - Level 6.1 Shields
 + Level 5.5 Invocations


You had 8 spell levels left.
You didn't know any spells.

Dungeon Overview and Level Annotations

Branches:
Dungeon (6/15)             Temple (1/1) D:5

Altars:
Cheibriados
Dithmenos
Elyvilon
Fedhas
Gozag
Hepliaklqana
Kikubaaqudgha
Makhleb
Nemelex Xobeh
Okawaru
Qazlal
Ru
Trog
Uskayaw
Vehumet
Xom
Yredelemnul
Zin
The Shining One

Shops:
D:4 (


Innate Abilities, Weirdness & Mutations

You cannot be hasted, slowed, berserked, paralysed or teleported.
You can dig through walls and to a lower floor.
Your four strong arms can wield two-handed weapons with a shield.
You have a pair of large antennae on your head. (SInv)


Message History

The steam dragon is moderately wounded.
You are engulfed in a cloud of scalding steam.
The steam dragon barely misses you.
The steam dragon claws you but does no damage.
Your shield and chain mail prevent you from hitting the steam dragon.
The steam dragon is moderately wounded.
You are engulfed in a cloud of scalding steam.
* * * LOW HITPOINT WARNING * * *
The steam dragon bites you but does no damage.
The steam dragon claws you.
* * * LOW HITPOINT WARNING * * *
You are healed.
You feel somewhat more hungry.
You are engulfed in a cloud of scalding steam.
* * * LOW HITPOINT WARNING * * *
The steam dragon bites you but does no damage.
You block the steam dragon's attack. The steam dragon breathes steam at you.
The ball of steam hits the steam dragon.
The steam dragon resists.
The ball of steam hits you!
You die...

#P.≈#..# #.##.#
#.P##..###.#..#
#.≈#...##..#.##
##..#......#..#
#P..#..>#..#.##
#P..#...#..#<#
##..≈#...#..#.#
##DD.≈#...#....#
#@#.D.#...##.).#
###§.P######...# #
#.P...# #(#.###
#P≈.≈≈≈####(#....
PP.....≈#........
#^......P#........
{
##≈....^P#........
#≈≈..P.##........
###≈P^##.........


You could see 2 steam dragons.

Vanquished Creatures
  Pikel (D:5)
  Sigmund (D:5)
  The ghost of Voxish the Sneak, an amateur KoEn (D:4)
  2 orc warriors
  A phantom (D:6)
  A black bear (D:6)
  2 centaurs
  2 bullfrogs
  Blork the orc (D:5)
  2 howler monkeys
  A crimson imp (D:5)
  A bullfrog zombie (D:5)
  2 orc priests
  5 orc wizards
  A bullfrog skeleton (D:4)
  A centaur skeleton (D:5)
  An iguana (D:5)
  4 worker ants
  A killer bee zombie (D:5)
  8 adders
  A shadow imp (D:5)
  An ooze (D:5)
  3 adder skeletons
  3 worms
  4 dart slugs
  4 leopard geckos
  26 orcs
  8 bats
  3 giant cockroaches
  11 goblins
  8 hobgoblins
  7 jackals
  9 kobolds
  5 frilled lizards
  A leopard gecko skeleton (D:5)
  A quokka skeleton (D:5)
  10 rats
144 creatures vanquished.

Vanquished Creatures (others)
  A slave (D:5)
  An orc wizard (D:5)
  A bullfrog skeleton (D:5)
  A fungus (D:6)
4 creatures vanquished.

Grand Total: 148 creatures vanquished

Notes
Turn   | Place    | Note
-------+----------+-------------------------------------------
     0 | D:1      | Murumi the Formicid Fighter began the quest for the Orb.
     0 | D:1      | Reached XP level 1. HP: 18/18 MP: 1/1
    55 | D:1      | Reached skill level 1 in Dodging
    58 | D:1      | Reached XP level 2. HP: 20/24 MP: 2/2
   403 | D:1      | Reached XP level 3. HP: 28/29 MP: 3/3
  1033 | D:2      | Reached XP level 4. HP: 35/35 MP: 4/4
  1208 | D:2      | Found a snail-covered altar of Cheibriados.
  1236 | D:2      | Found an ancient bone altar of Kikubaaqudgha.
  1236 | D:2      | Found a burning altar of Makhleb.
  1237 | D:2      | Found a glowing golden altar of the Shining One.
  1237 | D:2      | Found a sacrificial altar of Ru.
  1830 | D:2      | Reached XP level 5. HP: 35/42 MP: 5/5
  2091 | D:3      | Reached XP level 6. HP: 16/48 MP: 6/6
  2699 | D:4      | Noticed an orc warrior
  2710 | D:4      | Reached skill level 5 in Shields
  2719 | D:4      | Killed an orc warrior
  2719 | D:4      | Reached XP level 7. HP: 12/54 MP: 7/7
  3094 | D:4      | Noticed Voxish's ghost (amateur KoEn)
  3103 | D:4      | Killed Voxish's ghost
  3103 | D:4      | Reached skill level 5 in Fighting
  3458 | D:4      | Found an opulent altar of Gozag.
  3630 | D:4      | Found Vos Vomn's Antique Weapon Boutique.
  3690 | D:5      | Entered Level 5 of the Dungeon
  3709 | D:5      | Noticed Sigmund
  3727 | D:5      | Killed Sigmund
  3727 | D:5      | Reached XP level 8. HP: 59/62 MP: 8/8
  3794 | D:5      | Noticed Pikel
  3814 | D:5      | Killed Pikel
  3898 | D:5      | Noticed Blork the orc
  3910 | D:5      | Killed Blork the orc
  3910 | D:5      | Reached XP level 9. HP: 67/68 MP: 9/9
  3994 | D:5      | Found a staircase to the Ecumenical Temple.
  4110 | Temple   | Entered the Ecumenical Temple
  4170 | Temple   | Became a worshipper of Elyvilon the Healer
  4244 | D:5      | Found a white marble altar of Elyvilon.
  4526 | D:5      | Reached skill level 5 in Armour
  4800 | D:6      | Reached * piety under Elyvilon
  4827 | D:6      | Reached skill level 5 in Invocations
  4894 | D:6      | Killed from afar by a steam dragon

Vault maps used:
D:1:      arrival_zaba_pyramid, minmay_misc_feat_x
D:2:      lemuel_doored_altar, chequers_temple_overflow_statue_of_worship
D:3:      first_bread
D:4:      nicolae_gozag_seed_capital, serial_shops, shop,
          hangedman_abyss_or_decor_lesser_grid, guppyfry_early_orc_mine
D:5:      minmay_temple_entry_nine_rooms, elyvilon_altar_4, uniq_pikel,
          uniq_blork_the_orc, uniq_sigmund
D:6:      kennysheep_steamy
Temple:   nicolae_temple_god_jail

Skill      XL: |  1  2  3  4  5  6  7  8  9 |
---------------+----------------------------+-----
Dodging        | 1 2 3 4 |  4.2
Shields        | 4 5 6 |  6.1
Long Blades    | 3 4 |  4.0
Fighting       | 4 5 |  5.3
Armour         | 4 5 |  5.1
Crossbows      | 2 6 |  6.0
Invocations    | 5 |  5.5

Action                   |  1- 3 |  4- 6 |  7- 9 || total
-------------------------+-------+-------+-------++-------
Melee: Long sword        |    93 |   241 |     6 ||   340
       Scimitar          |       |       |   360 ||   360
Invok: Lesser Healing    |       |       |     1 ||     1
 Abil: Dig               |     1 |     3 |     2 ||     6
  Use: Scroll            |     4 |     7 |     8 ||    19
       Potion            |       |     1 |       ||     1
  Eat: Chunk             |     1 |     6 |     8 ||    15
Armor: Scale mail        |     6 |       |       ||     6
       Chain mail        |    74 |    85 |   134 ||   293
Dodge: Dodged            |    23 |    55 |   105 ||   183
Block: Shield            |    57 |   129 |   198 ||   384
       Rpst.: Long sword |     9 |    13 |     1 ||    23
       Scimitar          |       |       |    22 ||    22
